 Dungeon Crawl Stone Soup version 0.30.1-9-gdf580d7c3d (webtiles) character file.

Game seed: 3345468709154871257

6891 ohgeetee the Cleaver (level 10, -9/92 HPs)
             Began as a Minotaur Fighter on Oct 7, 2023.
             Was a High Priest of Makhleb.
             Mangled by Gastronok (30 damage)
             ... on level 8 of the Dungeon on Oct 9, 2023.
             The game lasted 02:14:23 (10232 turns).

ohgeetee the Cleaver (Minotaur Fighter)            Turns: 10232, Time: 02:14:24

Health: -9/92      AC: 18    Str: 26    XL:     10   Next: 79%
Magic:  9/9        EV:  7    Int:  5    God:    Makhleb [*****.]
Gold:   508        SH:  6    Dex:  9    Spells: 9/9 levels left

rFire   . . .        d - +3 war axe
rCold   . . .        c - +0 buckler
rNeg    . . .        L - +0 plate armour
rPois   .            (helmet restricted)
rElec   .            C - +0 cloak
rCorr   .            F - +0 pair of gloves
SInv    .            g - +0 pair of boots
Will    .....        i - amulet of faith Stlth
                     (no ring)
HPRegen 0.35/turn    (no ring)
MPRegen 0.11/turn

%: faith
@: no status effects
A: horns 2, retaliatory headbutt
a: Renounce Religion, Minor Destruction, Lesser Servant of Makhleb, Major
Destruction, Greater Servant of Makhleb


You were on level 8 of the Dungeon.
You worshipped Makhleb.
Makhleb was extremely pleased with you.
You visited 2 branches of the dungeon, and saw 9 of its levels.
You also visited: Ossuary and Bailey.

You collected 508 gold pieces.

Inventory:

Hand Weapons
 a - a +0 war axe
 d - a +3 war axe (weapon)
 N - a +1 heavy hand axe
Missiles
 A - 6 stones
 B - 11 poisoned darts (quivered)
 I - 2 curare-tipped darts
 M - 2 boomerangs
Armour
 c - a +0 buckler (worn)
 g - a +0 pair of boots (worn)
 n - a +1 ring mail of poison resistance
 x - the +1 ring mail of Ennui {*Corrode Dex+3}
   (You found it on level 4 of the Dungeon)

   Dex:       It affects your dexterity (+3).
   *Corrode:  It may corrode you when you take damage.
 C - a +0 cloak (worn)
 F - a +0 pair of gloves (worn)
 L - a +0 plate armour (worn)
Jewellery
 i - an amulet of faith (around neck)
 o - an amulet of regeneration
 q - an amulet of magic regeneration
 s - an amulet of guardian spirit
Wands
 b - a wand of flame (9)
 H - a wand of mindburst (14)
Scrolls
 h - a scroll of noise
 j - 12 scrolls of teleportation
 l - 6 scrolls of blinking
 t - 4 scrolls of fear
 w - 2 scrolls of torment {unknown}
 y - a scroll of enchant weapon {unknown}
 D - 2 scrolls of magic mapping {unknown}
 E - 2 scrolls of fog {unknown}
 K - a scroll of summoning {unknown}
Potions
 e - 3 potions of attraction
 f - a potion of invisibility
 k - 2 potions of flight
 m - 2 potions of magic
 p - a potion of might
 r - a potion of curing
 u - a potion of degeneration {unknown}
 v - a potion of resistance {unknown}
 z - a potion of haste {unknown}
 G - 2 potions of cancellation {unknown}
 J - a potion of lignification {unknown}
 O - a potion of heal wounds
 P - a potion of mutation {unknown}


   Skills:
 + Level 9.7 Fighting
 * Level 12.7 Axes
 + Level 9.6 Armour
 + Level 9.7 Shields


You had 9 spell levels left.
You didn't know any spells.
Your spell library contained the following spells:

 Spells                   Type           Power      Damage    Failure   Level
 Apportation              Tloc           0%         N/A       99%         1
 Freeze                   Ice            0%         1d3       99%         1
 Blink                    Tloc           0%         N/A       100%        2
 Cigotuvi's Dreadful Rot  Necr/Pois/Air  0%         N/A       100%        2
 Lesser Beckoning         Tloc           0%         N/A       100%        2
 Momentum Strike          Conj/Tloc      0%         3d8       100%        2
 Static Discharge         Conj/Air       0%         2-2/arc   100%        2
 Frozen Ramparts          Ice            0%         1d1       100%        3
 Hailstorm                Conj/Ice       0%         3d3       100%        3
 Ignite Poison            Fire/Tmut/Pois 0%         N/A       100%        3
 Airstrike                Air            0%         2d(0-16)  100%        4
 Summon Lightning Spire   Summ/Air       0%         N/A       100%        4
 Alistair's Intoxication  Tmut/Pois      0%         N/A       100%        5
 Freezing Cloud           Conj/Ice/Air   0%         6-21      100%        5


Dungeon Overview and Level Annotations

Branches:
Dungeon (8/15)             Temple (1/1) D:5         Ossuary (visited)
 Bailey (visited)
   Lair: D:8-11

Altars:
Ashenzari
Dithmenos
Elyvilon
Gozag
Hepliaklqana
Kikubaaqudgha
Makhleb
Nemelex Xobeh
Okawaru
Trog
Uskayaw
Vehumet
Wu Jian
Xom
Yredelemnul
The Shining One

Shops:
D:7 *   D:8 (

Annotations:
D:8 Gastronok


Innate Abilities, Weirdness & Mutations

You have a pair of horns on your head.
You reflexively headbutt those who attack you in melee.


Message History

B - 11 poisoned darts (gained 1) Gastronok the Ponderous comes into view.
Gastronok is nearby!
Gastronok gurgles horribly!
A demon appears!
It doesn't seem very happy.
Gastronok waves his eye-stalks in wide circles.
The air twists around and strikes you!!
The ynoxinul hits you but does no damage.
You hit the ynoxinul but do no damage. You headbutt the ynoxinul!
The ynoxinul is moderately wounded.
You hit the ynoxinul.
The ynoxinul is moderately wounded.
The ynoxinul gestures.
You slash the ynoxinul!
The ynoxinul is heavily wounded.
You miss the ufetubus.
The ynoxinul gestures.
The ufetubus hits you but does no damage.
The ufetubus barely misses you.
You slice the ynoxinul!!
You kill the ynoxinul!
The ynoxinul disappears in a puff of smoke!
The ufetubus disappears in a puff of smoke! x5
Gastronok makes a strange noise.
Gastronok waves his eye-stalks in wide circles.
The air twists around and strikes you!!!
* * * LOW HITPOINT WARNING * * *
A demon appears!
Your hellwing swoops through the air toward Gastronok!
Your hellwing hits Gastronok! Your hellwing hits Gastronok.
Your hellwing hits Gastronok! Your hellwing hits Gastronok.
You slice Gastronok!!
Gastronok is moderately wounded.
You slash Gastronok!
You headbutt Gastronok, but do no damage.
Gastronok is moderately wounded.
Your hellwing hits Gastronok. Your hellwing hits Gastronok!
Gastronok bites you!!
You die...

o..# #....# ### ...
##...$## #.. ...
......+ ... #!.
#....# #.. #.##....#
## #.......#
###....4#
#....w#######
#########
#.....@.....#
#........
###(........#
#........
##........#
#...~~~≈~ #........#
#...~####
#........###...~#...
#..............~..∩.
###..####......~#...
##)####......~####
#)).........~~~~~


You could see Gastronok (ally target) and a friendly hellwing (summoned).

Vanquished Creatures
  A vault guard (Bailey)
  A gargoyle (D:8)
  The ghost of Joomuiwn the Trooper, an amateur DgAr (D:4)
  Prince Ribbit (Bailey)
  A wyvern (D:7)
  5 humans (Bailey)
  3 steam dragons
  Menkaure (D:4)
  A water moccasin (D:5)
  2 ice beasts
  2 orc warriors
  A black bear (D:5)
  2 ogres
  A phantom (D:4)
  A centaur (D:8)
  2 lemures (D:7)
  2 kobold brigands
  10 bullfrogs
  2 scorpions
  3 elf zombies (Ossuary)
  3 centaur zombies (Ossuary)
  2 bullfrog zombies (D:4)
  4 orc priests
  A human zombie (Ossuary)
  4 hounds
  2 iguanas
  2 jellies
  A centaur skeleton (D:4)
  5 orc wizards
  3 mummies
  4 gnolls (D:7)
  11 adders
  A river rat (D:6)
  A white imp (D:6)
  2 ufetubi (D:6)
  A worm (D:3)
  2 dart slugs
  23 orcs
  7 ball pythons
  6 endoplasms
  5 giant cockroaches
  15 goblins
  11 hobgoblins
  11 jackals
  20 kobolds
  9 quokkas
  10 bats
  3 frilled lizards
  9 hobgoblin zombies
  3 jackal zombies (Ossuary)
  12 kobold zombies
  7 orc zombies (Ossuary)
  7 rats
  A rat zombie (Ossuary)
251 creatures vanquished.

Vanquished Creatures (collateral kills)
  A vault guard (Bailey)
  Pikel (D:7)
  An orc warrior (D:7)
  A bullfrog skeleton (D:4)
  An orc wizard (D:7)
  A shadow imp (D:7)
  A white imp (D:7)
  A rat (D:3)
8 creatures vanquished.

Grand Total: 259 creatures vanquished

Notes
Turn   | Place    | Note
-------+----------+-------------------------------------------
     0 | D:1      | ohgeetee the Minotaur Fighter began the quest for the Orb.
     0 | D:1      | Reached XP level 1. HP: 19/19 MP: 0/0
   212 | D:1      | Reached XP level 2. HP: 26/27 MP: 1/1
   511 | D:1      | Reached skill level 3 in Axes
   592 | D:1      | Reached XP level 3. HP: 33/33 MP: 2/2
   962 | D:1      | Noticed a great orb of eyes
   966 | D:1      | Noticed an eye of devastation
   968 | D:1      | Found a faded altar of an unknown god.
   969 | D:1      | Noticed an eye of devastation
   969 | D:1      | Noticed a golden eye
   974 | D:1      | Prayed at the altar of an unknown god.
   974 | D:1      | Became a worshipper of Makhleb the Destroyer
   974 | D:1      | Reached * piety under Makhleb
  1434 | D:2      | Reached XP level 4. HP: 40/40 MP: 3/3
  1534 | D:2      | Reached ** piety under Makhleb
  2043 | D:3      | Reached skill level 4 in Axes
  2140 | D:3      | Found a radiant altar of Vehumet.
  2226 | D:3      | Found a shimmering altar of Xom.
  2489 | D:3      | Found a shadowy altar of Dithmenos.
  2597 | D:3      | Reached XP level 5. HP: 44/47 MP: 4/4
  2635 | D:3      | Reached *** piety under Makhleb
  3144 | D:4      | Noticed Menkaure
  3151 | D:4      | Killed Menkaure
  3152 | D:4      | Reached skill level 5 in Axes
  3152 | D:4      | Reached XP level 6. HP: 43/55 MP: 5/5
  3289 | D:4      | Reached skill level 5 in Fighting
  3289 | D:4      | Reached skill level 5 in Armour
  3289 | D:4      | Reached skill level 5 in Shields
  3423 | D:4      | Found a white marble altar of Elyvilon.
  3424 | D:4      | Found a burning altar of Makhleb.
  3465 | D:4      | Found a runed translucent gate.
  3466 | D:4      | Found a runed translucent gate.
  3467 | D:4      | Found a runed translucent gate.
  3468 | D:4      | Noticed Joomuiwn's ghost (amateur DgAr)
  3582 | D:4      | Found a sand-covered staircase.
  3591 | Ossuary  | Entered an ossuary
  3646 | Ossuary  | Reached **** piety under Makhleb
  3823 | Ossuary  | Reached skill level 6 in Axes
  3823 | Ossuary  | Reached XP level 7. HP: 36/61 MP: 6/6
  4170 | D:4      | Reached ***** piety under Makhleb
  4550 | D:4      | Identified the +1 ring mail of Ennui {*Corrode Dex+3}
  4817 | D:4      | Reached skill level 7 in Axes
  4823 | D:4      | Killed Joomuiwn's ghost
  4824 | D:4      | Reached XP level 8. HP: 64/71 MP: 7/7
  4858 | D:5      | Entered Level 5 of the Dungeon
  4944 | D:5      | Found a broken altar of Ashenzari.
  4977 | D:5      | Reached skill level 8 in Axes
  5556 | D:5      | Found a staircase to the Ecumenical Temple.
  5859 | Temple   | Entered the Ecumenical Temple
  7057 | D:6      | Found a basalt altar of Yredelemnul.
  7092 | D:6      | Reached skill level 9 in Axes
  7440 | D:6      | Reached XP level 9. HP: 57/79 MP: 8/8
  8206 | D:7      | Reached skill level 10 in Axes
  8957 | D:7      | Found an opulent altar of Gozag.
  8959 | D:7      | Noticed Pikel
  8960 | D:7      | Found Gozag's Platinum Reserve.
  8978 | D:7      | Killed Pikel
  9336 | D:8      | Reached skill level 11 in Axes
  9379 | D:8      | Found Dist's Antique Weapon Emporium.
  9379 | D:8      | Noticed a gargoyle
  9383 | D:8      | Killed a gargoyle
  9384 | D:8      | Reached XP level 10. HP: 90/90 MP: 9/9
  9432 | D:8      | Found a flagged portal.
  9441 | Bailey   | Entered a bailey
  9709 | Bailey   | Noticed Prince Ribbit
  9709 | Bailey   | Noticed a vault guard
  9732 | Bailey   | Killed Prince Ribbit
  9733 | Bailey   | Reached skill level 12 in Axes
  9738 | Bailey   | Killed a vault guard
  9945 | Bailey   | Noticed a vault guard
  9954 | Bailey   | Killed a vault guard
 10215 | D:8      | Noticed Gastronok
 10232 | D:8      | Mangled by Gastronok

Illustrated notes

Levels and vault maps discovered:
D:1:      nicolae_arrival_escape_room, layout_basic,
          hellmonk_ecumenical_altar_watching_god, dreamdust_wishing_well,
          corner_web_ring
D:2:      layout_basic, minmay_split_cup_large
D:3:      layout_basic, xom_butterflies, overflow_temple_1_default,
          mainiacjoe_overflow_boulevard
D:4:      layout_layer_cave, nicolae_overflow_squiral,
          nicolae_ossuary_entry_giza, gammafunk_ghost_necromancy, uniq_menkaure
D:5:      black_bear_nest_1, layout_basic, cheibrodos_ashenzari_chains,
          minmay_temple_entry_glassed_door, kennysheep_generic_room_6
D:6:      layout_gridville, mainiacjoe_overflow_six_doors_small,
          gup_sewer_entry_spiral, chequers_serial_rivers_room_a,
          kennysheep_another_room
D:7:      layout_layer_cave, nicolae_gozag_zags_fifth_avenue, uniq_pikel
D:8:      layout_basic, chei_slow_surprise, amcnicky_altar_gilded,
          enter_bailey_3, serial_shops, shop, uniq_gastronok
Temple:   nicolae_temple_godpark

Skill      XL: |  1  2  3  4  5  6  7  8  9 10 |
---------------+-------------------------------+-----
Fighting       | 4 5 6 7 8 9 |  9.7
Shields        | 4 5 6 7 8 9 |  9.7
Armour         | 4 5 6 7 8 9 |  9.6
Axes           | 3 4 5 6 7 9 11 12 | 12.7

Action                     |  1- 3 |  4- 6 |  7- 9 | 10-12 || total
---------------------------+-------+-------+-------+-------++-------
  Melee: War axe           |    89 |   208 |   434 |   105 ||   836
         Headbutt          |    11 |    28 |    90 |    20 ||   149
  Throw: Stone             |     5 |    21 |    25 |     3 ||    54
         Throwing net      |       |     1 |       |       ||     1
         Dart              |       |       |       |    11 ||    11
 Invoke: Lesser Servant of |       |     1 |     6 |     4 ||    11
         Minor Destruction |       |       |     2 |       ||     2
         Major Destruction |       |       |     1 |       ||     1
  Evoke: Wand              |       |       |       |     3 ||     3
    Use: Scroll            |     1 |     1 |     8 |       ||    10
         Potion            |       |     1 |     7 |     2 ||    10
   Stab: Sleeping          |     1 |       |       |       ||     1
         Distracted        |       |       |       |     1 ||     1
 Armour: Scale mail        |    27 |    76 |    30 |       ||   133
         Ring mail         |       |       |   104 |       ||   104
         Plate armour      |       |       |       |    44 ||    44
  Dodge: Dodged            |    37 |    83 |   121 |    22 ||   263
  Block: Buckler           |    18 |    36 |    63 |    26 ||   143
